Map: Whirlwind LE (Void)

Players

Fropez - Winner!

  • Race: Protoss Protoss
  • League: Gold
  • Spawn Location: 5:00

jhward

  • Race: Zerg Zerg
  • Spawn Location: 11:00

VOD

Have the link to the VOD?

Description

Time

  • Played on: Dec. 11, 2016, 3:04 p.m.
  • Length: 21:42
Show
View Real Time Build Order
Export as new Build Order

Fropez Protoss - Winner!

Build Orders: 1 Gate Expand 

Get SALT Encoding   

  12  0:01  Probe (Chrono Boost)  
  13  0:15  Pylon  
  13  0:17  Probe (Chrono Boost)  
  14  0:28  Probe (Chrono Boost)  
  15  0:36  Gateway  
  15  0:38  Probe (Chrono Boost)  
  16  0:51  Probe (Chrono Boost)  
  16  0:55  Assimilator  
  17  1:07  Probe (Chrono Boost)  
  18  1:20  Probe (Chrono Boost)  
  19  1:26  Nexus  
  19  1:38  Probe (Chrono Boost)  
  19  1:39  Pylon  
  20  1:49  Probe (Chrono Boost), Cybernetics Core  
  21  2:00  Probe (Chrono Boost)  
  22  2:07  Pylon, Assimilator  
  22  2:18  Probe (Chrono Boost)  
  22  2:20  Gateway  
  23  2:25  Pylon  
  23  2:33  Mothership Core (Chrono Boost)  
  25  2:37  Adept  
  25  2:42  Probe (Chrono Boost)  
  28  2:51  Probe (Chrono Boost)  
  29  2:58  Warp Gate (Chrono Boost)  
  29  3:03  Probe  
  29  3:04  Twilight Council  
  30  3:09  Probe  
  31  3:13  Pylon  
  31  3:16  Probe  
  31  3:17  Adept  
  34  3:21  Adept  
  34  3:23  Probe  
  37  3:28  Probe  
  38  3:43  Probe  
  38  3:44  Probe  
  40  3:50  Resonating Glaives (Chrono Boost)  
  40  3:53  Adept  
  40  3:55  Adept  
  44  3:56  Probe  
  43  4:25  Probe  
  43  4:27  Probe  
  45  4:31  Assimilator  
  45  4:33  Gateway  
  45  4:38  Gateway  
  45  4:41  Probe  
  45  4:42  Probe  
  47  4:46  Pylon  
  47  5:06  Stalker x2  
  51  5:18  Pylon  
  51  5:22  Pylon  
  45  5:34  Stalker x2  
  49  5:36  Probe  
  49  5:40  Nexus  
  49  5:41  Assimilator  
  50  5:43  Assimilator  
  50  5:45  Adept x2  
  50  5:47  Assimilator  
  52  5:52  Pylon  
  52  5:53  Probe  
  52  5:54  Pylon, Probe  
  54  5:58  Pylon  
  54  6:03  Probe  
  54  6:06  Probe, Forge  
  56  6:12  Gateway  
  56  6:13  Adept x4  
  64  6:19  Probe  
  64  6:21  Probe  
  66  6:30  Probe  
  67  6:33  Probe  
  67  6:39  Protoss Ground Weapons Level 1 (Chrono Boost)  
  64  6:54  Probe x2, Stalker x4  
  60  6:55  Probe  
  67  7:04  Blink  
  67  7:07  Probe  
  67  7:08  Probe  
  67  7:09  Probe  
  67  7:15  Robotics Facility  
  70  7:16  Gateway  
  70  7:20  Probe  
  70  7:21  Probe x2  
  70  7:22  Photon Cannon  
  73  7:26  Adept  
  73  7:27  Adept x3  
  81  7:30  Pylon  
  81  7:31  Probe x2  
  81  7:33  Probe  
  84  7:38  Pylon  
  84  7:40  Pylon  
  84  7:42  Probe x2  
  86  7:52  Stalker  
  86  7:53  Stalker x3  
  86  7:55  Sentry  
  90  8:12  Probe  
  90  8:14  Probe x2  
  93  8:20  Adept x3  
  93  8:21  Adept x2  
  103  9:01  Adept x3  
  103  9:02  Adept x3  
  115  9:05  Warp Prism  
  115  9:06  Protoss Ground Weapons Level 2 (Chrono Boost)  
  109  9:24  Adept x6  
  121  9:48  Gateway  
  121  9:54  Gateway  
  121  9:56  Gateway  
  121  9:59  Photon Cannon  
  121  10:00  Adept x3  
  121  10:01  Adept x3  
  133  10:08  Probe x2  
  133  10:09  Nexus, Probe  
  133  10:13  Assimilator  
  136  10:18  Assimilator  
  136  10:21  Pylon, Stalker  
  136  10:22  Stalker x5  
  136  10:24  Pylon  
  146  10:46  Stalker x3  
  146  10:47  Stalker x2  
  108  11:10  Photon Cannon  
  107  11:12  Photon Cannon  
  107  11:15  Photon Cannon  
  107  11:18  Photon Cannon  
  107  11:20  Stargate  
  107  11:21  Protoss Shields Level 1 (Chrono Boost)  
  107  11:22  Pylon, Stargate, Protoss Air Weapons Level 1  
  107  11:25  Stargate  
  107  11:26  Pylon, Probe x2  
  107  11:27  Probe  
  107  11:29  Stalker x4  
  118  11:37  Probe x2  
  118  11:38  Probe  
  121  12:02  Probe x2  
  121  12:03  Probe  
  124  12:09  Probe  
  124  12:10  Fleet Beacon  
  124  12:12  Probe x2  
  124  12:14  Dark Shrine  
  124  12:15  Adept x4  
  131  12:16  Adept x5  
  145  12:23  Probe x3  
  145  12:24  Probe  
  129  12:51  Adept x4  
  125  12:52  Adept x5  
  133  13:17  Protoss Shields Level 2 (Chrono Boost)  
  133  13:21  Carrier x2 (Chrono Boost)  
  151  13:31  Carrier (Chrono Boost)  
  151  13:35  Adept x2  
  151  13:36  Adept x7  
  169  14:04  Templar Archives  
  169  14:15  Adept x4  
  169  14:16  Adept  
  145  14:40  Carrier x2 (Chrono Boost)  
  140  14:51  Dark Templar x2  
  140  14:52  Dark Templar x3  
  138  14:59  Carrier (Chrono Boost), Dark Templar x2  
  114  15:12  Dark Templar x2  
  118  15:25  Probe  
  118  15:26  Probe x2  
  109  15:38  Probe  
  109  15:39  Protoss Shields Level 3 (Chrono Boost)  
  110  15:46  Carrier (Chrono Boost)  
  110  15:48  Nexus  
  110  15:53  Carrier (Chrono Boost)  
  122  16:02  Carrier (Chrono Boost)  
  124  16:20  Stalker x3  
  124  16:57  Carrier  
  124  17:16  Carrier  
  124  17:18  Nexus  
  130  17:41  Pylon  
  130  17:43  Pylon  
  130  18:32  Pylon  
  130  18:35  Pylon  
  130  18:37  Pylon  
  124  18:43  Assimilator  
  124  18:46  Assimilator  
  124  19:20  Carrier (Chrono Boost)  
  142  19:49  Adept x6  
  142  19:50  Adept x3  
  160  19:58  Probe x2  
  160  19:59  Probe x3  
  165  20:17  Nexus  
  165  20:20  Assimilator  
  165  20:25  Assimilator  
  165  20:26  Adept x5  
  165  20:27  Adept x4  
  165  20:28  Pylon  
  183  20:30  Pylon  
  171  20:50  Zealot x5  
  171  20:51  Zealot x4  
  189  21:02  Gateway  
  183  21:04  Gateway  
  183  21:05  Gateway  
  183  21:09  Gateway  
  183  21:12  Gateway  
Show
View Real Time Build Order
Export as new Build Order

jhward Zerg 

Build Orders: Hatch First 

Get SALT Encoding   

  12  0:01  Drone  
  13  0:13  Overlord  
  13  0:17  Drone  
  14  0:32  Drone x2  
  16  0:37  Drone  
  17  0:53  Hatchery  
  16  0:59  Drone  
  16  1:01  Drone  
  18  1:13  Extractor  
  18  1:15  Spawning Pool  
  16  1:20  Drone x2  
  18  1:30  Drone  
  19  1:40  Overlord  
  19  2:03  Queen  
  19  2:05  Queen  
  19  2:08  Drone x3  
  26  2:20  Drone x2  
  26  2:21  Metabolic Boost  
  30  2:30  Zergling x4  
  30  2:44  Drone x3  
  33  2:52  Pneumatized Carapace  
  33  2:55  Queen  
  35  3:12  Overlord x2  
  35  3:33  Drone  
  38  3:34  Drone x8  
  43  4:26  Lair  
  43  4:27  Drone x2, Hatchery  
  43  4:28  Drone x7  
  43  4:29  Overlord x4  
  51  4:36  Hatchery  
  50  4:52  Baneling Nest  
  48  4:54  Zergling x2  
  48  4:55  Zergling x8  
  53  5:08  Roach Warren  
  53  5:10  Extractor x2  
  42  5:38  Drone x4  
  43  5:44  Zergling x10  
  43  5:47  Glial Reconstitution  
  47  5:50  Centrifical Hooks  
  47  6:05  Queen  
  49  6:15  Zergling x2  
  49  6:16  Zergling x8, Roach x3  
  49  6:17  Roach x3  
  66  6:44  Drone x5  
  66  6:45  Drone x4  
  70  7:04  Overlord x4  
  70  7:07  Zergling x2  
  70  7:08  Zergling x18  
  80  7:31  Extractor  
  80  7:32  Drone  
  80  7:33  Drone x15  
  95  7:37  Ravager x3  
  95  7:38  Ravager x3  
  99  7:54  Overseer  
  99  7:58  Roach  
  99  7:59  Roach x7  
  99  8:00  Overlord x2, Roach  
  111  8:14  Baneling x8  
  111  8:15  Tunneling Claws  
  111  8:24  Hatchery  
  109  8:34  Roach  
  109  8:35  Zergling x2, Roach x5  
  109  8:36  Zergling x10  
  127  8:52  Evolution Chamber  
  127  8:53  Evolution Chamber  
  116  9:24  Zergling x24  
  117  9:25  Overlord  
  117  9:26  Overlord x3  
  128  9:32  Baneling  
  128  9:33  Baneling x11  
  128  9:35  Overlord x2  
  128  9:36  Overlord  
  128  9:57  Zerg Ground Armor Level 1  
  128  9:59  Zerg Melee Weapons Level 1  
  128  10:01  Extractor  
  128  10:02  Extractor  
  126  10:11  Baneling x6  
  126  10:12  Baneling x8  
  126  10:14  Baneling x4  
  126  10:15  Baneling x2  
  126  10:18  Overlord x2  
  98  10:44  Roach x4  
  98  10:45  Roach  
  89  10:58  Roach x16  
  89  10:59  Zergling x12, Roach x2  
  89  11:00  Zergling x2  
  123  11:05  Zergling x2  
  123  11:06  Zergling x12  
  130  11:20  Drone x9  
  139  11:39  Overlord x4  
  139  11:42  Ravager x7  
  139  11:43  Baneling  
  139  11:44  Baneling x2  
  146  11:54  Overlord x5  
  146  11:55  Overlord x4  
  146  12:11  Zergling x2, Baneling x5  
  146  12:12  Zergling x26  
  160  12:18  Extractor, Drone x3  
  160  12:20  Extractor  
  161  12:23  Zerg Melee Weapons Level 2, Zerg Ground Armor Level 2  
  161  12:28  Infestation Pit  
  151  12:44  Roach  
  151  12:45  Roach x6  
  144  13:10  Zergling x2  
  144  13:11  Zergling x12  
  151  13:17  Roach  
  151  13:19  Zergling x2  
  144  13:20  Zergling x16  
  144  13:22  Baneling x12  
  144  13:23  Baneling x2  
  146  13:31  Baneling x6  
  146  13:33  Hive  
  146  13:37  Ravager  
  146  13:38  Ravager x4  
  151  13:44  Drone, Hydralisk Den  
  151  13:45  Drone x6  
  152  14:23  Hydralisk x6  
  152  14:24  Hydralisk x4  
  141  14:28  Zergling x2  
  141  14:29  Zergling x16  
  123  15:01  Hatchery, Roach x6  
  129  15:07  Baneling  
  129  15:08  Baneling x9  
  122  15:18  Overseer  
  115  15:43  Zerg Ground Armor Level 3  
  115  15:44  Zerg Melee Weapons Level 3  
  115  15:51  Hatchery  
  114  15:57  Hydralisk x4  
  114  16:00  Viper  
  125  16:05  Viper  
  128  16:17  Hydralisk x3  
  134  16:24  Overlord  
  134  16:31  Spore Crawler  
  133  16:44  Spore Crawler  
  106  17:01  Hydralisk x6  
  90  17:02  Viper  
  93  17:21  Drone x2  
  95  17:23  Hydralisk x2  
  99  17:32  Hydralisk  
  99  17:33  Hydralisk  
  103  17:49  Spore Crawler  
  93  18:04  Extractor  
  92  18:16  Spine Crawler  
  92  18:17  Spine Crawler  
  92  18:18  Extractor  
  92  18:19  Extractor  
  87  18:40  Viper  
  87  18:41  Viper x3  
  83  18:42  Zergling x22  
  83  18:43  Zergling x4  
  102  18:51  Zergling x2  
  102  18:52  Zergling x8  
  106  19:21  Hatchery  
  104  19:27  Viper  
  107  19:32  Extractor  
  63  20:35  Viper  
  43  20:48  Zergling x30  
  47  21:08  Spore Crawler x2  
Tags
 
Add a new tag
Caveats
  • Supply blocks, unpowered buildings, or Contaminate may cause inaccurate times.
  • Supply counts are checked every 10 seconds.